 Dungeon Crawl Stone Soup version 0.26.0-10-g1f06aea511 (webtiles) character file.

Game seed: 11048018301965410776

215 Marvel the Skirmisher (level 5, -17/43 HPs)
             Began as a Demonspawn Abyssal Knight on Jan 14, 2021.
             Was a Follower of Lugonu.
             Killed from afar by a black bear (50 damage)
             ... with an exploding inner flame
             ... on level 3 of the Dungeon.
             The game lasted 00:06:43 (1707 turns).

Marvel the Skirmisher (Demonspawn Abyssal Knight)   Turns: 1707, Time: 00:06:44

Health: -17/43     AC:  3    Str: 14    XL:     5   Next: 60%
Magic:  6/6        EV: 11    Int: 13    God:    Lugonu [*.....]
Gold:   107        SH:  0    Dex: 12    Spells: 4/4 levels left

rFire    . . .     SeeInvis .   h - +1 halberd (flame)
rCold    . . .     Faith    .   (shield currently unavailable)
rNeg     . . .     Spirit   .   b - +0 leather armour
rPois    .         Reflect  .   (helmet restricted)
rElec    .         Harm     .   f - scarf {repulsion}
rCorr    .         Rampage  .   (no gloves)
Will     .....                  (no boots)
Stlth    +.........             d - amulet of regeneration
HPRegen  0.54/turn              (no ring)
MPRegen  0.10/turn              (no ring)

@: repel missiles
A: antennae 1
a: Renounce Religion, Depart the Abyss


You were on level 3 of the Dungeon.
You worshipped Lugonu.
Lugonu was aware of your devotion.
You visited 1 branch of the dungeon, and saw 3 of its levels.
You visited the Abyss 1 time.

You collected 107 gold pieces.

Inventory:

Hand Weapons
 a - a +1 hand axe
 h - a +1 halberd of flaming (weapon)
Armour
 b - a +0 leather armour (worn)
 f - a scarf of repulsion (worn)
Jewellery
 d - an amulet of regeneration (around neck)
Scrolls
 c - a scroll of teleportation {unknown}
 e - a scroll of identify
 g - a scroll of enchant weapon {unknown}
 k - a scroll of fear {unknown}
 m - a scroll of remove curse
Potions
 i - a potion of lignification {unknown}
 j - a potion of berserk rage {unknown}


   Skills:
 + Level 4.7 Fighting
 + Level 3.2(3.5) Axes
 + Level 1.7(2.7) Polearms
 + Level 2.4 Armour
 - Level 0.8 Dodging
 - Level 2.4 Invocations


You had 4 spell levels left.
You didn't know any spells.
Your spell library was empty.

Dungeon Overview and Level Annotations

Branches:
Dungeon (3/15)

Altars:

Annotations:
D:2 Natasha


Innate Abilities, Weirdness & Mutations

You have a pair of small antennae on your head.


Message History

You feel blessed for a moment.
It was a scroll of remove curse.
As you read the scroll labelled FUELAXT FEHIE, it crumbles to dust.
The creatures around you are filled with an inner flame!
It was a scroll of immolation.
Evoke which item? (* to show all) (? for menu, Esc to quit)
Reach: h) +1 halberd (flame)
Press: ? - help, Dir - move target, f - black bear
Aim: a black bear (inner flame)
You reach to attack!
You hit the black bear.
Flame seeps out of the black bear.
You burn the black bear.
Flame seeps out of the black bear.
The black bear is lightly wounded.
The black bear is engulfed in blazing flames.
Flame seeps out of the black bear.
The black bear bites you. The black bear claws you. x2
You puncture the black bear! You burn the black bear. Lugonu accepts your kill.
The black bear explodes!
The fiery explosion engulfs you!!!
Ouch! That really hurt!
You die...

###....# ...
#.#.#.# # ....#
... #.#.#.# #
...# ... #.#.#.#
# .. #.# #.#.#.#
# #.# #.# #.# #.#
#°# #.# #.# #.#
#.# {#.# # #@#
#.# #.# .
#.#####.# #.#
#.....#.# #.#
#.#####.#.# #.#
#.......#.# #.#
######..#.#####.#
#..........# #
############ .#


There were no monsters in sight!

Vanquished Creatures
  A black bear (D:3)
  An ogre (D:3)
  An orc wizard (D:3)
  3 gnolls (D:3)
  3 adders (D:3)
  3 dart slugs (D:1)
  A leopard gecko (D:1)
  3 orcs (D:3)
  5 bats
  5 goblins (D:1)
  7 hobgoblins
  2 frilled lizards
  5 kobolds
  6 rats
46 creatures vanquished.

Notes
Turn   | Place    | Note
-------+----------+-------------------------------------------
     0 | Abyss:1  | Marvel the Demonspawn Abyssal Knight began the quest for
                  | the Orb.
     0 | Abyss:1  | Reached XP level 1. HP: 18/18 MP: 2/2
    65 | Abyss:1  | Noticed an orc sorcerer
    78 | Abyss:1  | Noticed a shining eye
    80 | Abyss:1  | Noticed a small abomination
    81 | D:1      | Escaped the Abyss
   240 | D:1      | Reached * piety under Lugonu
   241 | D:1      | Gained mutation: You have a pair of small antennae on your
                  | head. [demonic ancestry]
   241 | D:1      | Reached XP level 2. HP: 21/24 MP: 3/3
   574 | D:1      | Reached XP level 3. HP: 30/30 MP: 4/4
   802 | D:2      | Noticed Natasha
   860 | D:3      | Reached skill level 4 in Fighting
  1049 | D:3      | Reached XP level 4. HP: 37/37 MP: 5/5
  1168 | D:3      | Noticed an ogre
  1256 | D:3      | Killed an ogre
  1257 | D:3      | Reached skill level 1 in Polearms
  1257 | D:3      | Reached XP level 5. HP: 23/43 MP: 6/6
  1701 | D:3      | Noticed a black bear
  1707 | D:3      | Killed a black bear
  1707 | D:3      | Killed from afar by a black bear

Illustrated notes

Levels and vault maps discovered:
D:1:      wander_arrival_peaceful_grave, layout_rooms, minmay_unequal
D:2:      layout_rooms, elyvilon_altar_3, fountainhead, minmay_joined_circles,
          uniq_natasha
D:3:      layout_basic, led_xom_imps

Skill      XL: |  1  2  3  4 |
---------------+-------------+-----
Armour         | 2 |  2.4
Axes           | 2 3 |  3.2
Fighting       | 4 |  4.7
Polearms       | 1 |  1.7
Dodging        | |  0.8
Invocations    | |  2.4

Action                   |  1- 3 |  4- 6 || total
-------------------------+-------+-------++-------
Melee: Hand axe          |    87 |       ||    87
       Halberd           |    23 |    47 ||    70
Invok: Depart the Abyss  |     1 |       ||     1
  Use: Potion            |     1 |     1 ||     2
       Scroll            |       |     3 ||     3
 Stab: Invisible         |     1 |       ||     1
Armor: Leather armour    |    46 |     8 ||    54
Dodge: Dodged            |    81 |    26 ||   107
       Repelled          |     2 |       ||     2
